woodfighter, chaotic female elven Rogue ---- ---(>--- --------- -------- ##........## |........######## |.......####|......| |......*| # |....*.|####|.....*|############### |.......| ### |...{..|# %---..-*.# # -----# -------|- # -.------# ###-.--%##` |...|# ## ###-------- # ## #####@###` |...|# # #-......| # # # `|...|) # |......| # # ### #.`...###### # |......| # # # ###-----################## # |......| # # ##################### #########---------|---|- ######.......| # # #------.- ### # #-.............| |......| -.-----# #|......| # |.............| -------- |.....-# #|......| ### |.<...........| |....)| #|......| # |.............| |.....-####`|...*...### --------------- |....%| -------- ------- woodfighter the Rogue Experience level: 6 Strength: 15 Dexterity: 19 Constitution: 12 Intelligence: 10 Wisdom: 12 Charisma: 7 Health: 0(41) Energy: 33(33) Def: 7 Gold: 0 Moves: 3682 Dungeon seed: hepj3namR_TNG6_m Game ID: woodfighter_1511182895 Your Inventory: Weapons a - a blessed +0 elven short sword (weapon in hand) b - 14 +0 elven daggers (in quiver) R - a +0 long sword Armor e - an uncursed +1 leather armor (being worn) n - a blessed +1 mummy wrapping q - an uncursed +0 helm of brilliance (being worn) V - an uncursed +0 cloak of magic resistance (being worn) Y - a blessed +1 pair of elven boots (being worn) Comestibles j - 2 uncursed magic beans u - an uncursed lembas wafer v - 2 uncursed sprigs of wolfsbane G - an uncursed partly eaten food ration I - 2 uncursed pancakes K - an uncursed tripe ration Q - an uncursed tin of gray ooze X - an uncursed food ration Tools g - an uncursed blindfold p - a frost horn (0:3) y - an uncursed lock pick Spells and supernatural/magical abilities: Name Level Category Fail Memory W - pray for help -- divine ? -- Your skills at the end: Miscellaneous Skills wands [Basic] Weapon Skills dagger [Basic] short sword [Basic] Spellcasting Skills Final Attributes: You were piously aligned. You were sleep resistant. You were magic-protected. You were telepathic. You had infravision. You were stealthy. You are dead. Vanquished creatures: a giant beetle a wolf a lizard a housecat a white unicorn a gnome mummy a bugbear a rock mole a violet fungus a gnome lord a kobold mummy 3 elf zombies 2 puppies 4 floating eyes a kitten an iguana 2 rothes 2 jitterbugs a gas spore 3 hobbits an acid blob a gecko a yellow mold a green mold 4 garter snakes 6 jackals 2 foxes 6 newts 2 sewer rats 3 grid bugs 4 lichens a kobold zombie 62 creatures vanquished. Voluntary challenges: You did not adorn yourself with jewelry or accessories. You did not cause conflict. You were not invisible. You did not have reflection. You used a wielded weapon 64 times, starting on turn 16. You did not apply a unicorn horn. You did not use plumbed fixtures. You did not drink any magical draughts. You were illiterate. You never genocided any monsters. You never polymorphed an object. You never changed form. You used no wishes. You never split a pudding. You never wrote Elbereth's name. You never violated your personal moral code. Dungeon overview: The Dungeons of Doom: levels 1 to 7 Level 1 a sink a long staircase Level 2 a fountain stairs to The Gnomish Mines Level 3 an altar to Mog, a fountain, a sink Level 4 an armor shop Level 5 some fountains Level 6 Level 7 (unicorn) <- You were here a fountain The Gnomish Mines: Level 3 stairs to The Dungeons of Doom History has recorded: On T:1 you entered the Dungeons of Doom to retrieve the Amulet of Yendor! On T:273 you reached level 2 of The Dungeons of Doom. On T:374 you reached level 3 of The Dungeons of Doom. On T:518 you reached level 1 of The Gnomish Mines. On T:701 you advanced to experience level 2. On T:951 you reached level 4 of The Dungeons of Doom. On T:1368 you reached level 5 of The Dungeons of Doom. On T:1406 you advanced to experience level 3. On T:2183 you reached level 6 of The Dungeons of Doom. On T:2263 you advanced to experience level 4. On T:2572 you reached level 7 of The Dungeons of Doom. On T:2674 you advanced to experience level 5. On T:3247 you advanced to experience level 6. On T:3269 you prayed to Kos. Score breakdown: Gold: 0 ( 0 points) Experience: 6 levels ( 500 points) Exploration: 7 levels ( 180 points) Discoveries: 8 items ( 400 points) Variety of kills: 32 monsters ( 1600 points) Major goal: (nothing yet) ( 0 points) Survival: died (score multiplied by 3) Total score: 8040 Latest messages: Where do you want to travel to? You stop travelling. You hear some noises. You stop travelling. (6x) You see here 10 crossbow bolts. You stop travelling. You see here 6 rocks. You hear the splashing of a naiad. You see here 6 rocks. The white unicorn misses. The white unicorn just misses! The white unicorn butts! The white unicorn kicks! The white unicorn misses. The white unicorn kicks! The white unicorn butts! The white unicorn kicks! You don't have anything to zap. You start playing the frost horn. You kill the white unicorn! The bolt of cold bounces! The bolt of cold hits you! You die... Final status: Goodbye woodfighter the Rogue, killed by a bolt of cold... You died in The Dungeons of Doom on dungeon level 7 with 8040 points, and 0 pieces of gold, after 3682 moves. You were level 6 with a maximum of 41 hit points when you died.